 Dungeon Crawl Stone Soup version 0.17-a0-1596-g1e86911 (webtiles) character file.

38 JEM123 the Sneak (level 3, -4/18 HPs)
             Began as a Spriggan Assassin on Aug 1, 2015.
             Shot with a stone by a goblin (6 damage)
             ... on level 2 of the Dungeon.
             The game lasted 00:15:08 (1307 turns).

JEM123 the Sneak (Spriggan Assassin)                Turns: 1307, Time: 00:15:08

Health: -4/18      AC:  3    Str:  8    XL:     3   Next: 25%
Magic:  4/4        EV: 17    Int: 12    God:
Gold:   62         SH:  0    Dex: 17    Spells: 0 memorised, 2 levels left

rFire  + . .     SeeInvis +     b - +0 blowgun
rCold  x . .     Clarity  .     c - +0 robe
rNeg   . . .     SustAt   .     (shield restricted)
rPois  .         Gourm    .     (helmet restricted)
rElec  .         Spirit   .     d - +0 cloak
rCorr  .         Warding  .     (gloves unavailable)
rMut   .         Stasis   .     (boots unavailable)
MR     +....                    (no amulet)
Stlth  ++++......               l - ring of fire
                                h - ring of protection from magic

@: very quick, somewhat resistant to hostile enchantments, stealthy
A: unfitting armour, see invisible, herbivore 3, speed 3, slow metabolism 2
a: no special abilities


You were on level 2 of the Dungeon.
You were not hungry.

You visited 1 branch of the dungeon, and saw 3 of its levels.

You collected 62 gold pieces.

Inventory:

Hand weapons
 a - a +2 dagger
 b - a +0 blowgun (weapon)
 q - a +0 vampiric short sword
Missiles
 e - 3 poisoned needles (quivered)
 f - 2 curare-tipped needles
 i - 10 arrows of flame
Armour
 c - a +0 robe (worn)
 d - a +0 cloak (worn)
Jewellery
 h - a ring of protection from magic (left hand)
 l - a ring of fire (right hand)
Scrolls
 k - a scroll of identify {unknown}
 n - a scroll of remove curse {unknown}
 p - a scroll of enchant weapon {unknown}
Potions
 m - a potion of lignification {unknown}
 o - a potion of might {unknown}
Comestibles
 g - a bread ration
 j - 5 fruits


   Skills:
 - Level 1.5 Fighting
 * Level 3.4 Short Blades
 - Level 2.1 Throwing
 - Level 1.5 Dodging
 + Level 6.6 Stealth


You had 2 spell levels left.
You didn't know any spells.

Dungeon Overview and Level Annotations

Branches:
Dungeon (3/15)

Altars:

Annotations:
D:2 Robin


Innate Abilities, Weirdness & Mutations

You are tiny and cannot use many weapons and most armour.
You have supernaturally acute eyesight.
You are a herbivore.
You cover ground extremely quickly.
You need consume almost no food.


Message History

You see here a stone.
There is an open door here.
You see here 2 stones.
You see here a stone.
Save game and exit?
Level annotation: Robin Welcome back, JEM123 the Spriggan Assassin.
Press ? for a list of commands and other information.
Wield which item (- for none, * to show all)? (? for menu, Esc to quit)
b - a +0 blowgun (weapon)
Firing (i - inventory. (,) - cycle):
e - 5 poisoned needles (quivered)
Press: ? - help, Shift-Dir - straight line, f - adder
Aim: an adder (heavily wounded, hasn't noticed you)
You shoot a poisoned needle. The poisoned needle misses the adder.
Firing (i - inventory. (,) - cycle):
e - 4 poisoned needles (quivered)
Press: ? - help, Shift-Dir - straight line, f/p - adder
Aim: an adder (heavily wounded)
You shoot a poisoned needle. The poisoned needle misses the adder.
The goblin shoots a stone.
The stone hits you.
You die...

..###########.# #...g.......
♣g..#.........# #...........
♣♣♣.g.....##### .......####
≈≈♣P......# ...........
P≈≈≈♣.....# #######.##.###
..≈....####
.######..........# .......#
......'>.......#.#
.......######
#####.(......###
.≈≈.≈≈♣≈≈.... #@..((.......#
≈≈P≈≈≈≈≈P♣######.S(g........#
≈≈≈≈≈≈≈≈≈≈♣......#.#().%....#
≈≈≈≈≈P≈≈≈♣######.#.#........#
≈≈≈≈≈≈)P♣.# ###.#((......#
≈≈P≈≈♣♣##.# #.##'#######
≈≈♣### #.###### #.##S# ♣≈
#......# #.##(# ## ######.#
#(...#


You could see an adder and a goblin.

Vanquished Creatures
  An adder (D:2)
  A worm (D:2)
  A ball python (D:2)
  A bat (D:1)
  A giant cockroach (D:1)
  5 hobgoblins
  3 quokkas (D:2)
  5 goblins
  5 kobolds
  2 rats (D:1)
25 creatures vanquished.

Notes
Turn   | Place    | Note
--------------------------------------------------------------
     0 | D:1      | JEM123 the Spriggan Assassin began the quest for the Orb.
     0 | D:1      | Reached XP level 1. HP: 10/10 MP: 2/2
   414 | D:1      | Reached skill level 6 in Stealth
   488 | D:1      | Reached XP level 2. HP: 14/14 MP: 3/3
  1216 | D:2      | Noticed Robin
  1219 | D:2      | Reached XP level 3. HP: 18/18 MP: 4/4
  1307 | D:2      | Shot with a stone by a goblin

Vault maps used:
D:1:      scummos_arrival_hexagon
D:2:      serial_bayou, serial_bayou_pond_b, serial_bayou_ford_a,
          serial_bayou_pond_c, serial_bayou_shore_b, minmay_misc_feat_rows,
          uniq_robin
D:3:      uniq_sigmund

Action                   || total
-------------------------++-------
Melee: Dagger            ||    51
 Fire: Blowgun           ||    11
 Stab: Sleeping          ||    11
